Map: 大气2000-天梯版

Players

cyan - Winner!

  • Race: Protoss Protoss
  • League: Master

CoffeeMs (Coffee)

  • Race: Terran Terran
  • League: Master

Event: DreamHack SC2 Masters 2021 Fall

VOD

Have the link to the VOD?

Description

Time

  • Played on: Aug. 6, 2021, 8:52 a.m.
  • Length: 9:29

All games in this series

Show
View Real Time Build Order
Export as new Build Order

cyan Protoss - Winner!

Build Orders: 1 Gate Expand, Phoenix Opening 

Get SALT Encoding   

  12  0:00  Probe  
  13  0:12  Probe  
  14  0:17  Pylon  
  14  0:24  Probe (Chrono Boost)  
  15  0:36  Probe (Chrono Boost)  
  15  0:37  Gateway  
  16  0:44  Probe (Chrono Boost)  
  16  0:47  Assimilator  
  17  0:51  Probe  
  18  1:03  Probe  
  19  1:15  Probe  
  20  1:23  Nexus  
  20  1:34  Cybernetics Core  
  20  1:37  Probe  
  21  1:43  Assimilator  
  21  1:49  Probe  
  22  1:56  Pylon  
  23  2:01  Probe  
  23  2:11  Warp Gate  
  23  2:12  Stalker (Chrono Boost)  
  23  2:14  Probe  
  26  2:19  Pylon  
  26  2:28  Probe  
  27  2:32  Stalker (Chrono Boost)  
  29  2:37  Probe  
  29  2:42  Probe (Chrono Boost)  
  30  2:48  Stargate  
  30  2:50  Probe (Chrono Boost)  
  31  2:59  Probe (Chrono Boost)  
  31  3:00  Probe (Chrono Boost)  
  31  3:05  Probe (Chrono Boost)  
  32  3:06  Probe  
  34  3:17  Gateway  
  34  3:18  Probe  
  35  3:24  Probe  
  35  3:25  Gateway  
  36  3:30  Phoenix (Chrono Boost), Probe  
  39  3:36  Probe  
  40  3:42  Probe  
  40  3:46  Pylon, Phoenix (Chrono Boost)  
  40  3:48  Probe  
  42  3:54  Probe  
  45  3:56  Pylon  
  45  4:00  Probe  
  46  4:06  Probe  
  46  4:07  Phoenix (Chrono Boost)  
  46  4:08  Pylon  
  49  4:12  Probe  
  50  4:20  Nexus  
  50  4:23  Probe  
  51  4:24  Probe  
  51  4:28  Phoenix (Chrono Boost)  
  53  4:35  Probe  
  53  4:36  Assimilator  
  53  4:37  Probe  
  53  4:38  Assimilator  
  55  4:40  Shield Battery  
  55  4:45  Phoenix  
  55  4:48  Probe  
  58  4:55  Twilight Council  
  58  4:56  Forge  
  58  4:58  Probe  
  59  5:01  Probe  
  59  5:06  Pylon, Sentry  
  62  5:10  Probe  
  62  5:13  Probe  
  64  5:14  Protoss Ground Armor Level 1 (Chrono Boost)  
  64  5:19  Sentry  
  66  5:22  Probe  
  66  5:23  Shield Battery  
  66  5:25  Probe  
  66  5:26  Gateway  
  66  5:28  Charge (Chrono Boost)  
  68  5:34  Probe  
  69  5:37  Gateway, Probe  
  69  5:39  Gateway  
  69  5:42  Probe  
  71  5:47  Probe  
  72  5:54  Sentry, Zealot x2  
  72  5:55  Probe  
  79  5:58  Probe  
  80  6:05  Gateway x2, Probe  
  81  6:12  Shield Battery  
  81  6:13  Pylon  
  81  6:18  Zealot x3  
  85  6:28  Shield Battery  
  85  6:31  Zealot x2  
  87  6:34  Zealot  
  89  6:41  Pylon  
  89  6:44  Pylon x2  
  89  6:57  Zealot x6  
  101  7:01  Pylon  
  101  7:02  Pylon  
  101  7:06  Zealot x2  
  105  7:17  Protoss Ground Weapons Level 1 (Chrono Boost), Zealot  
  105  7:18  Zealot x2  
  111  7:25  Zealot  
  111  7:26  Templar Archives  
  111  7:36  Zealot x4  
  108  7:39  Zealot x3  
  100  7:45  Probe x3  
  103  7:52  Phoenix  
  103  7:57  Nexus, Probe x3  
  108  7:59  Pylon  
  108  8:01  Pylon  
  108  8:02  High Templar x3  
  108  8:03  High Templar  
  116  8:08  Pylon, Archon  
  116  8:10  High Templar x2, Archon  
  116  8:12  High Templar x2  
  124  8:15  Probe  
  124  8:16  Photon Cannon  
  124  8:19  Shield Battery  
  125  8:20  Archon x2  
  125  8:24  Probe  
  125  8:25  Probe  
  128  8:27  Probe  
  128  8:31  Robotics Facility  
  128  8:36  Probe  
  128  8:38  Probe  
  128  8:39  Probe  
  131  8:43  Assimilator, Shield Battery, Photon Cannon  
  131  8:45  Assimilator  
  131  8:48  Probe  
  131  8:53  Gateway  
  131  8:54  Probe  
  133  8:56  Gateway  
  133  9:05  Pylon  
Show
View Real Time Build Order
Export as new Build Order

CoffeeMs Terran 

Build Orders: Reaper Expand 

Get SALT Encoding   

  12  0:00  SCV  
  13  0:12  SCV  
  14  0:17  Supply Depot  
  14  0:24  SCV  
  15  0:39  SCV  
  15  0:40  Barracks  
  16  0:43  Refinery  
  16  0:51  SCV  
  17  1:03  SCV  
  18  1:15  SCV  
  19  1:28  Orbital Command  
  19  1:30  Reaper  
  20  1:50  Command Center  
  20  1:55  SCV  
  20  1:59  Bunker  
  21  2:02  Marine  
  21  2:07  Supply Depot  
  22  2:11  SCV  
  23  2:18  Factory  
  23  2:26  Barracks Reactor  
  23  2:32  SCV  
  23  2:34  Refinery  
  23  2:44  SCV  
  23  2:46  Barracks  
  24  2:56  SCV  
  25  3:02  Bunker  
  25  3:04  Marine x2, Orbital Command  
  25  3:05  Factory Tech Lab  
  27  3:08  SCV  
  28  3:21  Marine x2, SCV  
  28  3:24  Cyclone  
  34  3:40  Barracks  
  33  3:41  Marine  
  33  3:42  Marine  
  33  3:44  Barracks Tech Lab  
  33  3:46  SCV x2  
  37  3:54  Supply Depot  
  37  3:56  Siege Tank  
  37  4:00  Marine x2  
  42  4:03  SCV x2  
  42  4:07  Stimpack  
  42  4:09  Marine  
  44  4:15  SCV  
  44  4:16  SCV  
  47  4:18  Supply Depot  
  47  4:22  Marine x2  
  49  4:30  Siege Tank  
  52  4:34  SCV x2  
  52  4:37  Barracks Tech Lab  
  53  4:39  Marine  
  53  4:40  Marine, Supply Depot  
  55  4:46  SCV x2  
  55  4:47  Engineering Bay  
  57  4:54  Refinery  
  57  4:57  Supply Depot, Combat Shield  
  57  5:00  Marine x2  
  57  5:01  SCV x2  
  61  5:07  Starport  
  61  5:12  Factory Reactor  
  61  5:13  SCV x2  
  63  5:21  Marine x3  
  65  5:23  Supply Depot  
  66  5:30  SCV  
  66  5:31  Supply Depot  
  66  5:32  Marine  
  68  5:38  Marine  
  68  5:39  SCV  
  68  5:41  Marine x2  
  72  5:43  SCV  
  67  5:50  Marine  
  67  5:51  SCV  
  67  5:55  SCV  
  67  5:56  Marine  
  70  5:57  Medivac x2  
  70  6:02  Marine x2  
  70  6:03  SCV  
  77  6:07  SCV  
  78  6:19  Bunker  
  78  6:21  Marine  
  78  6:22  Marine x3, Siege Tank  
  85  6:29  Bunker  
  85  6:32  Bunker  
  84  6:34  SCV x2  
  84  6:39  Marine x2  
  86  6:42  Marine, Medivac x2  
  86  6:43  Marine  
  94  6:54  SCV  
  94  6:55  SCV  
  94  6:57  Marine, Supply Depot  
  94  7:16  Marine  
  94  7:17  Marine  
  94  7:19  Marine x2, Siege Tank  
  94  7:20  Supply Depot  
  99  7:24  Supply Depot  
  99  7:29  Medivac  
  101  7:30  SCV  
  101  7:33  Medivac  
  101  7:34  Marine x2  
  101  7:37  Marine x2  
  80  7:45  SCV x2  
  73  7:51  Marine  
  73  7:52  Marine  
  73  7:54  Marine x2  
  75  7:59  Siege Tank  
  75  8:02  Barracks  
  75  8:05  Barracks  
  78  8:09  Marine  
  78  8:10  Marine  
  78  8:12  Marine, SCV x2, Missile Turret  
  82  8:13  Missile Turret  
  83  8:20  Marine  
  83  8:22  Medivac  
  83  8:25  Medivac  
  88  8:27  Marine  
  88  8:28  Marine  
  88  8:31  Marine  
  88  8:33  SCV x2  
  93  8:38  Marine  
  93  8:40  Refinery  
  94  8:44  Siege Tank  
  94  8:45  Marine  
  94  8:46  Marine  
  99  8:48  Marine  
  99  8:52  Marine x2  
  102  8:56  Marine  
  102  8:57  Supply Depot  
  103  9:03  Marine x2  
  103  9:06  Marine  
  102  9:10  Marine x2  

Tags
 
Add a new tag
Caveats
  • Supply blocks, unpowered buildings, or Contaminate may cause inaccurate times.
  • Supply counts are checked every 10 seconds.